 Dungeon Crawl Stone Soup version 0.29.1-12-g30fa7ad0bf (webtiles) character file.

Game seed: 17507876613447664323

49 H0rd4k the Charlatan (level 4, 33/33 HPs)
             Began as a Human Artificer on Dec 15, 2022.
             Quit the game on level 2 of the Dungeon.
             The game lasted 00:01:12 (2122 turns).

H0rd4k the Charlatan (Human Artificer)              Turns: 2122, Time: 00:01:12

Health: 33/33      AC:  3    Str: 12    XL:     4   Next: 2%
Magic:  4/4        EV: 11    Int: 13    God:
Gold:   98         SH:  0    Dex: 20    Spells: 3/3 levels left

rFire   x . .      SeeInvis .   a - +0 club
rCold   + . .      Faith    .   (no shield)
rNeg    . . .      Spirit   .   b - +0 leather armour
rPois   .          Reflect  .   (no helmet)
rElec   .          Harm     .   (no cloak)
rCorr   .          Rampage  .   (no gloves)
Will    .....                   (no boots)
Stlth   ++........              (no amulet)
HPRegen 0.11/turn               i - +6 ring of dexterity
MPRegen 0.09/turn               g - ring of ice

@: no status effects
A: no striking features
a: no special abilities


You were on level 2 of the Dungeon.
You visited 1 branch of the dungeon, and saw 2 of its levels.

You collected 98 gold pieces.

Inventory:

Hand Weapons
 a - a +0 club (weapon)
Armour
 b - a +0 leather armour (worn)
Jewellery
 g - a ring of ice (right hand)
 i - a +6 ring of dexterity (left hand)
Wands
 c - a wand of flame (13) (quivered)
 d - a wand of charming (15)
 e - a wand of iceblast (5)
Scrolls
 f - 2 scrolls of acquirement {unknown}
 j - 3 scrolls of identify {unknown}
 k - a scroll of amnesia {unknown}
 l - a scroll of vulnerability {unknown}
 n - a scroll of enchant weapon {unknown}
 o - a scroll of teleportation {unknown}
Potions
 h - 3 potions of degeneration {unknown}
 m - a potion of haste {unknown}


   Skills:
 + Level 2.2 Fighting
 + Level 2.4 Maces & Flails
 - Level 2.0 Armour
 - Level 1.0 Dodging
 - Level 1.0 Stealth
 - Level 3.0 Evocations


You had 3 spell levels left.
You didn't know any spells.
Your spell library was empty.

Dungeon Overview and Level Annotations

Branches:
Dungeon (2/15)

Altars:

Shops:
D:1 :


Message History

The worm closely misses you.
You hit the worm.
The worm is almost dead.
You hit the worm.
You kill the worm!
You hit the hobgoblin.
The hobgoblin is moderately wounded.
The hobgoblin hits you.
You hit the hobgoblin.
The hobgoblin is almost dead.
The hobgoblin barely misses you.
You barely miss the hobgoblin.
The hobgoblin is almost dead.
The hobgoblin hits you.
You hit the hobgoblin but do no damage.
The hobgoblin is almost dead.
The hobgoblin hits you. x2
* * * LOW HITPOINT WARNING * * *
You are too injured to fight recklessly!
You closely miss the hobgoblin.
The hobgoblin is almost dead.
The hobgoblin hits you.
* * * LOW HITPOINT WARNING * * *
You hit the hobgoblin.
You kill the hobgoblin!
You have reached level 4!
You feel agile.
You are too injured to fight recklessly!
A frilled lizard comes into view.
A frilled lizard is nearby!
A frilled lizard is nearby!
A frilled lizard is nearby!
The frilled lizard hisses angrily.
The frilled lizard bites you.
A frilled lizard is nearby!
You hit the frilled lizard.
You kill the frilled lizard!
You see here a frilled lizard corpse.
You see here a staff of conjuration.
Are you sure you want to abandon this character and quit the game? (Confirm with "yes".)

#...#.#.#.# #.#
#.....#.#.# #.#
#.#.### #.# #.#
#.#... #.# #.#
##########.#####
#.# #.#
...........# #.#
#.# ############
#.# #.#
#########.###.#
.......@......#
#########.#####
..... #####..#
###


There were no monsters in sight!

Vanquished Creatures
  An adder (D:2)
  A worm (D:2)
  3 dart slugs (D:1)
  A ball python (D:1)
  4 endoplasms
  2 giant cockroaches (D:1)
  3 hobgoblins
  2 jackals (D:2)
  2 kobolds (D:1)
  A quokka (D:1)
  2 bats (D:1)
  2 frilled lizards (D:2)
  3 goblins (D:1)
  3 rats (D:1)
30 creatures vanquished.

Notes
Turn   | Place    | Note
-------+----------+-------------------------------------------
     0 | D:1      | H0rd4k the Human Artificer began the quest for the Orb.
     0 | D:1      | Reached XP level 1. HP: 15/15 MP: 1/1
    30 | D:1      | Found Zaxzusec's Book Shoppe.
   181 | D:1      | Reached XP level 2. HP: 18/22 MP: 2/2
   287 | D:1      | Reached skill level 1 in Maces & Flails
   791 | D:1      | Reached XP level 3. HP: 23/27 MP: 3/3
  1563 | D:2      | Found a faded altar of an unknown god.
  1849 | D:2      | Reached XP level 4. HP: 9/33 MP: 4/4
  2122 | D:2      | Quit the game

Illustrated notes

Levels and vault maps discovered:
D:1:      eino_arrival_cavern_e, layout_loops_cross, serial_shops,
          nicolae_shop_advertising_works [nicolae_subvault_shop_adworks]
D:2:      layout_basic, hellmonk_ecumenical_altar_lost_god

Skill      XL: |  1  2  3 |
---------------+----------+-----
Maces & Flails | 1 2 |  2.4
Fighting       | 2 |  2.2
Armour         | |  2.0
Dodging        | |  1.0
Stealth        | |  1.0
Evocations     | |  3.0

Action                   |  1- 3 |  4- 6 || total
-------------------------+-------+-------++-------
Melee: Club              |   153 |     1 ||   154
       Punch             |     3 |       ||     3
Evoke: Wand              |     2 |       ||     2
 Stab: Sleeping          |     1 |       ||     1
Armor: Leather armour    |    43 |       ||    43
Dodge: Dodged            |   103 |       ||   103
